 Dungeon Crawl Stone Soup version 0.26.0-10-g1f06aea511 (webtiles) character file.

Game seed: 15577146656541575487

683 Borgoz the Slasher (level 7, -12/60 HPs)
             Began as a Ghoul Gladiator on Jan 18, 2021.
             Killed from afar by Dowan (18 damage)
             ... with a shard of ice
             ... on level 4 of the Dungeon.
             The game lasted 00:04:30 (3235 turns).

Borgoz the Slasher (Ghoul Gladiator)                Turns: 3235, Time: 00:04:30

Health: -12/60     AC:  6    Str: 17 (18) XL:     7   Next: 61%
Magic:  6/6        EV: 12    Int:  3      God:
Gold:   215        SH:  0    Dex: 12      Spells: 1/6 levels left

rFire    + . .     SeeInvis .   a - +0 long sword
rCold    + . .     Faith    .   (no shield)
rNeg     + + +     Spirit   .   j - +0 ring mail {rF+}
rPois    ∞         Reflect  .   c - +0 helmet
rElec    .         Harm     .   (no cloak)
rCorr    .         Rampage  .   (no gloves)
Will     .....                  (no boots)
Stlth    +.........             (no amulet)
HPRegen  0.00/turn              (no ring)
MPRegen  0.10/turn              (no ring)

@: no status effects
A: claws 1, cold resistance 1, negative energy resistance 3, inhibited
regeneration, torment resistance, unbreathing
a: no special abilities


You were on level 4 of the Dungeon.
You visited 1 branch of the dungeon, and saw 4 of its levels.

You collected 215 gold pieces.

Inventory:

Hand Weapons
 a - a +0 long sword (weapon)
 b - a +0 great sword
Armour
 c - a +0 helmet (worn)
 j - a +0 ring mail of fire resistance (worn)
Wands
 f - a wand of digging (3)
Scrolls
 e - a scroll of teleportation
 g - a scroll of remove curse
 h - 2 scrolls of identify {unknown}


   Skills:
 + Level 4.4 Fighting
 * Level 5.3 Long Blades
 - Level 1.7 Throwing
 + Level 3.0 Armour
 + Level 4.2 Dodging


You had one spell level left.
You knew the following spells:

 Your Spells              Type           Power        Failure   Level
a - Confusing Touch       Hex            0%           97%         3
b - Blink                 Tloc           N/A          86%         2

Your spell library contained the following spells:

 Spells                   Type           Power        Failure   Level
 Magic Dart               Conj           0%           73%         1
 Call Imp                 Summ           0%           86%         2
 Slow                     Hex            0%           86%         2
 Conjure Flame            Conj/Fire      0%           97%         3
 Gell's Gravitas          Tloc           0%           97%         3
 Mephitic Cloud           Conj/Pois/Air  0%           97%         3
 Petrify                  Tmut/Erth      0%           100%        4
 Metabolic Englaciation   Hex/Ice        0%           100%        5
 Yara's Violent Unravell  Hex/Tmut       0%           100%        5


Dungeon Overview and Level Annotations

Branches:
Dungeon (4/15)
 Temple: D:4-7

Altars:
Fedhas
Wu Jian
Xom

Annotations:
D:4 Dowan


Innate Abilities, Weirdness & Mutations

You thrive by killing the living.
You are immune to poison.
You have sharp fingernails.
Your flesh is cold resistant. (rC+)
You are immune to negative energy. (rN+++)
You do not regenerate when monsters are visible.
You are immune to unholy pain and torment.
You can survive without breathing.


Message History

You closely miss Dowan.
Dowan is moderately wounded.
Dowan says, "How can I live without her?"
Dowan misses you. Dowan closely misses you.
You barely miss Dowan.
Dowan is moderately wounded.
Dowan hits you but does no damage.
Dowan hits you with a +2 dagger of speed.
* * * LOW HITPOINT WARNING * * *
Throw: throwing net
Press: ? - help, Q - select action, (/) - cycle Shift-Dir - straight line, f/p - Dowan
Aim: Dowan, wielding a +2 dagger of speed and wearing a +1 robe of cold resistance (moderately wounded, fast)
You throw a throwing net. The throwing net closely misses Dowan.
Dowan hits you with a +2 dagger of speed.
* * * LOW HITPOINT WARNING * * *
Dowan hits you but does no damage.
You aren't carrying any potions.
Dowan gestures at you while chanting. The shard of ice hits you!!
You partially resist.
You die...

# #.# #.#
#######.#
#######.......#
........#######
#######.# #.#
#####e# #..@..#
#.###.# #. #.#
#. #.# .. ..#
## ###


You could see Dowan (fast).

Vanquished Creatures
  Grinder (D:3)
  Duvessa (D:4)
  An ogre (D:4)
  A phantom (D:4)
  A centaur skeleton (D:4)
  Terence (D:3)
  Natasha (thrice) (D:3)
  A worker ant (D:4)
  An adder (D:3)
  An ooze (D:2)
  A dart slug (D:1)
  3 leopard geckos
  An orc (D:3)
  A ball python (D:1)
  8 bats
  2 giant cockroaches (D:1)
  11 hobgoblins
  8 kobolds
  6 quokkas
  A frilled lizard (D:1)
  5 goblins
  7 rats
66 creatures vanquished.

Notes
Turn   | Place    | Note
-------+----------+-------------------------------------------
     0 | D:1      | Borgoz the Ghoul Gladiator began the quest for the Orb.
     0 | D:1      | Reached XP level 1. HP: 17/17 MP: 0/0
    76 | D:1      | Reached XP level 2. HP: 25/25 MP: 1/1
   120 | D:1      | Reached skill level 3 in Long Blades
   418 | D:1      | Reached XP level 3. HP: 29/30 MP: 2/2
   603 | D:1      | Reached skill level 1 in Armour
   731 | D:2      | Found a shimmering altar of Xom.
   936 | D:2      | Found a blossoming altar of Fedhas.
  1261 | D:2      | Reached XP level 4. HP: 37/37 MP: 3/3
  1441 | D:2      | Found an ornate altar of the Wu Jian Council.
  1488 | D:3      | Noticed Grinder
  1523 | D:3      | Paralysed by Grinder for 7 turns
  1540 | D:3      | Killed Grinder
  1541 | D:3      | Reached skill level 4 in Long Blades
  1541 | D:3      | Reached XP level 5. HP: 9/45 MP: 4/4
  1541 | D:3      | Reached XP level 6. HP: 10/51 MP: 5/5
  1877 | D:3      | Noticed Natasha
  1883 | D:3      | Killed Natasha
  1959 | D:3      | Noticed Natasha
  1963 | D:3      | Killed Natasha
  2029 | D:3      | Noticed Natasha
  2037 | D:3      | Killed Natasha
  2367 | D:3      | Noticed Terence
  2570 | D:3      | Killed Terence
  2788 | D:4      | Noticed Duvessa
  2790 | D:4      | Noticed Dowan
  2814 | D:3      | Learned a level 3 spell: Confusing Touch
  2817 | D:3      | Learned a level 2 spell: Blink
  3023 | D:4      | Reached XP level 7. HP: 58/59 MP: 6/6
  3067 | D:4      | Reached skill level 5 in Long Blades
  3201 | D:4      | Killed Duvessa
  3235 | D:4      | Killed from afar by Dowan

Illustrated notes

Levels and vault maps discovered:
D:1:      dpeg_arrival_tiny_a, layout_loops_cross
D:2:      layout_rooms, nicolae_overflow_crystal_walls, general_overflow_altar,
          lemuel_crystal_altar, kennysheep_donut
D:3:      layout_basic, minmay_close_crescents, uniq_natasha, uniq_grinder,
          uniq_terence
D:4:      layout_loops_corners, lemuel_coloured_pillars_altar, uniq_edmund,
          uniq_crazy_yiuf_cottage, uniq_duvessa

Skill      XL: |  1  2  3  4  5  6  7 |
---------------+----------------------+-----
Long Blades    | 3 4 5 |  5.3
Armour         | 1 2 3 |  3.0
Dodging        | 3 4 |  4.2
Fighting       | 3 4 |  4.4
Throwing       | |  1.7

Action                   |  1- 3 |  4- 6 |  7- 9 || total
-------------------------+-------+-------+-------++-------
Melee: Long sword        |   120 |    71 |    40 ||   231
Throw: Throwing net      |       |     8 |     2 ||    10
  Use: Scroll            |       |     4 |       ||     4
       Potion            |       |     2 |       ||     2
Armor: Leather armour    |    45 |    12 |       ||    57
       Scale mail        |       |     4 |       ||     4
       Ring mail         |       |     2 |     7 ||     9
Dodge: Dodged            |   115 |    34 |    27 ||   176
       Rpst.: Long sword |    36 |    15 |     6 ||    57
